 Dungeon Crawl Stone Soup version 0.30-a0-672-gc3a7216ad8 (webtiles) character file.

Game seed: 15556879759697610156

763 wormed the Nimble (level 7, -4/34 HPs)
             Began as a Felid Chaos Knight on Jan 18, 2023.
             Was an Initiate of Gozag.
             Slain by Edmund
             ... wielding a +1 flail of venom
              (9 damage)
             ... on level 5 of the Dungeon.
             The game lasted 00:10:07 (5491 turns).

wormed the Nimble (Felid Chaos Knight)              Turns: 5491, Time: 00:10:08

Health: -4/34      AC:  2    Str:  8    XL:     7   Next: 51%
Magic:  13/13      EV: 23    Int: 13    God:    Gozag
Gold:   492        SH:  0    Dex: 16    Spells: 8/13 levels left
                                        Lives:  0   Deaths: 2

rFire   . . .      SeeInvis +      - Unarmed
rCold   . . .      Faith    .    (shield unavailable)
rNeg    . . .      Spirit   .    (body armour unavailable)
rPois   .          Reflect  .    (helmet unavailable)
rElec   .          Harm     .    (cloak unavailable)
rCorr   +          Rampage  .    (gloves unavailable)
Will    ++...                    (boots unavailable)
Stlth   +                        (no amulet)
HPRegen 0.25/turn                d - ring of resist corrosion
MPRegen 0.13/turn                o - ring of willpower

@: gold aura, studying Dodging, quick
A: very small, claws 1, fangs 3, see invisible, speed 1, shaggy fur 2, stealthy
paws, no weapons or thrown items, no armour, multi-lived, dopey 1
a: Renounce Religion, Potion Petition, Call Merchant, Bribe Branch


You were on level 5 of the Dungeon.
You worshipped Gozag.
Gozag was aware of your devotion.
You visited 2 branches of the dungeon, and saw 8 of its levels.

You collected 545 gold pieces.
You paid 53 gold pieces to Gozag.

Inventory:

Jewellery
 d - a ring of resist corrosion (left paw)
 k - a ring of protection from cold
 l - a ring of fire
 o - a ring of willpower (right paw)
Wands
 e - a wand of iceblast (9)
 j - a wand of flame (28) (quivered)
Scrolls
 f - a scroll of magic mapping
 i - 3 scrolls of identify
 m - a scroll of torment
 q - 3 scrolls of poison {unknown}
Potions
 c - a potion of mutation
 g - a potion of experience {unknown}
 h - 2 potions of might
 n - 2 potions of degeneration {unknown}
 p - a potion of haste {unknown}
Miscellaneous
 a - a piece from Xom's chessboard (15/15)


   Skills:
 + Level 5.8 Fighting
 + Level 9.6 Dodging
 + Level 5.8 Unarmed Combat
 + Level 3.9 Spellcasting
 + Level 4.7 Transmutations


You had 8 spell levels left.
You knew the following spells:

 Your Spells              Type           Power      Damage    Failure   Level
a - Blade Hands           Tmut           7%         N/A       63%         5

Your spell library contained the following spells:

 Spells                   Type           Power      Damage    Failure   Level
 Tukima's Dance           Hex            2%         N/A       54%         3
 Portal Projectile        Hex/Tloc       Unusable   N/A       N/A         3

Dungeon Overview and Level Annotations

Branches:
Dungeon (7/15)             Temple (1/1) D:4

Altars:
Dithmenos
Fedhas
Gozag
Makhleb
Nemelex Xobeh
Ru
Trog
Uskayaw
Vehumet
Xom

Annotations:
D:2 Sigmund
D:5 Edmund, Eustachio


Innate Abilities, Weirdness & Mutations

You have sharp claws.
You have razor-sharp teeth.
You have supernaturally acute eyesight. (SInv)
You cover ground quickly. (Speed+)
You are covered in thick fur. (AC +2)
Your paws help you pounce on unaware monsters.
You are incapable of wielding weapons or throwing items.
You cannot wear armour.
You gain extra lives every three experience levels.
You are dopey. (Int -2)


Message History

The ogre hits you with a +0 giant club!!
Ouch! That really hurt!
* * * LOW HITPOINT WARNING * * *
Edmund shouts!
You are too injured to fight recklessly!
You are too injured to fight recklessly!
You are too injured to fight recklessly!
You are too injured to fight recklessly!
You are too injured to fight recklessly!
You are too injured to fight recklessly!
You are too injured to fight recklessly!
You are too injured to fight recklessly!
You are too injured to fight recklessly!
You are too injured to fight recklessly!
You are too injured to fight recklessly!
You are too injured to fight recklessly!
You are too injured to fight recklessly!
You are too injured to fight recklessly!
You are too injured to fight recklessly!
You are too injured to fight recklessly!
You are too injured to fight recklessly!
You are too injured to fight recklessly!
You are too injured to fight recklessly!
You are too injured to fight recklessly!
You are too injured to fight recklessly!
You are too injured to fight recklessly!
You are too injured to fight recklessly!
You are too injured to fight recklessly!
You are too injured to fight recklessly!
You are too injured to fight recklessly!
You are too injured to fight recklessly!
You are too injured to fight recklessly!
You are too injured to fight recklessly!
You scratch the ogre but do no damage.
The ogre is almost dead.
Edmund is no longer distracted by gold.
The centaur unwields a +0 shortbow.
The centaur completely misses you. x2
Edmund hits you with a +1 flail of venom!
You die...
Your body crumbles into a pile of gold.

#.##....... ..#
#.##.....). #...
#.##....... ####..#####
#.##....... #.........#
.....#####.
#.........#### ##..####
#.
#............#####.....#
##
#...............c....#..
#
#..........####@@......
# #.....)...## ##O......
#.........# .......
#.........# .......
#.........# #......
########### #...## ####


You could see Edmund, an ogre and a centaur.

Vanquished Creatures
  Grinder (D:4)
  A water moccasin (D:6)
  An ice beast (D:6)
  A black bear (D:6)
  An ogre (D:5)
  Blork the orc (D:4)
  A bullfrog (D:6)
  2 scorpions
  4 jellies
  5 hounds
  4 iguanas
  Ijyb (D:4)
  2 orc wizards
  Robin (D:2)
  2 gnolls
  4 adders
  A white imp (D:5)
  3 ufetubi
  2 worms
  7 dart slugs
  6 orcs
  7 ball pythons
  3 bats (D:1)
  6 endoplasms
  10 giant cockroaches
  8 hobgoblins
  5 quokkas
  2 frilled lizards
  20 goblins
  6 kobolds
  4 rats
122 creatures vanquished.

Vanquished Creatures (collateral kills)
  Jessica (D:2)
  An endoplasm (D:2)
2 creatures vanquished.

Vanquished Creatures (others)
  An orc wizard (D:3)
1 creature vanquished.

Grand Total: 125 creatures vanquished

Notes
Turn   | Place    | Note
-------+----------+-------------------------------------------
     0 | D:1      | wormed the Felid Chaos Knight began the quest for the Orb.
     0 | D:1      | Reached XP level 1. HP: 10/10 MP: 2/2
    96 | D:1      | Reached XP level 2. HP: 12/14 MP: 3/3
   284 | D:1      | Reached skill level 4 in Dodging
   291 | D:1      | XOM: silly message
   292 | D:1      | Reached XP level 3. HP: 14/17 MP: 4/4
   584 | D:1      | Identified a scroll of acquirement
   584 | D:1      | Acquired a manual of Dodging
   649 | D:2      | XOM: silly message
   662 | D:2      | Found a sparkling altar of Nemelex Xobeh.
   715 | D:2      | XOM: divination: detect creatures
   739 | D:2      | Noticed Robin
   871 | D:2      | Reached XP level 4. HP: 7/22 MP: 5/5
   977 | D:2      | Noticed Jessica
   992 | D:2      | Killed Jessica
  1073 | D:2      | Killed Robin
  1074 | D:2      | Reached skill level 5 in Dodging
  1074 | D:2      | Reached skill level 1 in Transmutations
  1190 | D:2      | Noticed Sigmund
  1197 | D:2      | XOM: divination: magic mapping
  1200 | D:2      | XOM: swap monsters
  1306 | D:3      | Found a sacrificial altar of Ru.
  1385 | D:3      | XOM: enchant monster (bad)
  1386 | D:3      | XOM: chaos upgrade
  1403 | D:3      | XOM: confuse monster(s)
  1547 | D:3      | Reached skill level 1 in Spellcasting
  1574 | D:3      | XOM: 5-stop teleportation journey
  1677 | D:3      | Identified the +8 spear of Subjectivity {vamp, Will+
                  | Stlth+}
  1683 | D:3      | Reached XP level 5. HP: 24/25 MP: 7/7
  1726 | D:3      | XOM: polymorph adder -> hound
  1732 | D:3      | XOM: enchant monster (bad)
  1749 | D:3      | XOM: noise
  1755 | D:3      | Slain by a hound
  1756 | D:3      | Reached XP level 4. HP: 0/22 MP: 6/6
  1854 | D:3      | XOM: divination: detect creatures
  2084 | D:4      | XOM: polymorph orc -> gnoll
  2088 | D:4      | Reached XP level 5. HP: 18/25 MP: 8/8
  2221 | D:4      | Found a radiant altar of Vehumet.
  2256 | D:4      | Noticed Ijyb
  2269 | D:4      | XOM: chaos cloud
  2270 | D:4      | Killed Ijyb
  2271 | D:4      | Reached skill level 6 in Dodging
  2338 | D:4      | XOM: stat loss: -1 Dex (15/16)
  2352 | D:4      | Found a staircase to the Ecumenical Temple.
  2361 | Temple   | Entered the Ecumenical Temple
  2370 | Temple   | Fell from the grace of Xom
  2370 | Temple   | Became a worshipper of Gozag Ym Sagoz the Greedy
  2460 | D:4      | Found a hide-covered altar of Uskayaw.
  2486 | D:4      | Noticed Blork the orc
  2614 | D:4      | Gained mutation: You are covered in thick fur. (AC +2)
                  | [Felid growth]
  2614 | D:4      | Reached XP level 6. HP: 9/28 MP: 9/9
  2737 | D:4      | Noticed Grinder
  2748 | D:4      | Killed Grinder
  2749 | D:4      | Reached skill level 7 in Dodging
  2749 | D:4      | Reached XP level 7. HP: 28/33 MP: 9/11
  2989 | D:4      | XOM: summons 3 hostile shadow creatures
  3148 | D:4      | Killed Blork the orc
  3149 | D:4      | Reached skill level 5 in Fighting
  3149 | D:4      | Reached skill level 5 in Unarmed Combat
  3365 | D:4      | Reached skill level 8 in Dodging
  3566 | D:5      | Entered Level 5 of the Dungeon
  3758 | D:5      | Noticed Eustachio
  3911 | D:5      | XOM: draining
  4219 | D:6      | Reached XP level 8. HP: 19/33 MP: 13/13
  4320 | D:6      | Found a bloodstained altar of Trog.
  4479 | D:6      | XOM: give mutation
  4479 | D:6      | Gained mutation: You are dopey. (Int -2) [Xom's mischief]
  4656 | D:6      | Reached skill level 9 in Dodging
  5089 | D:6      | Learned a level 5 spell: Blade Hands
  5465 | D:5      | Mangled by an ice beast
  5466 | D:5      | Reached XP level 7. HP: -7/33 MP: 13/13
  5480 | D:5      | Noticed Edmund
  5491 | D:5      | Slain by Edmund

Illustrated notes

Levels and vault maps discovered:
D:1:      elethiomel_arrival_shortcut, layout_rooms
D:2:      layout_rooms, basic_altar, uniq_jessica, uniq_robin, uniq_sigmund
D:3:      layout_basic, nicolae_ru_awakened_eye, minmay_pentomino_pile
D:4:      nicolae_cairo_tiling_very_big, layout_rooms,
          mainiacjoe_overflow_six_doors_small, nicolae_overflow_crystal_walls,
          lemuel_temple_firewalk_b, kennysheep_small_circle, uniq_grinder,
          uniq_blork_the_orc, uniq_ijyb
D:5:      layout_rooms, uniq_edmund, uniq_eustachio
D:6:      layout_loops_corners, mainiacjoe_overflow_paths
D:7:      layout_gridville, mainiacjoe_overflow_surrounded_room, serial_undead,
          serial_undead_e, serial_undead_f, serial_undead_f, serial_undead_c
Temple:   nicolae_temple_bog_church

Skill      XL: |  1  2  3  4  5  6  7  8 |
---------------+-------------------------+-----
Dodging        | 4 5 6 7 8 9 |  9.6
Transmutations | 1 2 3 4 |  4.7
Spellcasting   | 1 2 3 |  3.9
Unarmed Combat | 4 5 |  5.8
Fighting       | 4 5 |  5.8

Action                   |  1- 3 |  4- 6 |  7- 9 || total
-------------------------+-------+-------+-------++-------
Melee: Unarmed           |   107 |   197 |   194 ||   498
       Bite              |     9 |    13 |    34 ||    56
       Punch             |       |     2 |    16 ||    18
Evoke: Piece from Xom's  |     2 |     1 |       ||     3
       Wand              |       |     2 |     6 ||     8
  Use: Scroll            |     4 |     5 |     3 ||    12
       Potion            |       |     4 |     5 ||     9
 Stab: Sleeping          |     1 |     1 |     1 ||     3
       Distracted        |       |     1 |       ||     1
       Invisible         |       |     2 |       ||     2
Armor: Skin              |     7 |     7 |     7 ||    21
Dodge: Dodged            |    61 |   158 |   197 ||   416

Table legend: (Time is in decaauts)
 A = Elapsed time spent in this place.
 B = Non-inter-level travel time spent in this place.
 C = Inter-level travel time spent in this place.
 D = Time resting spent in this place.
 E = Time spent auto-exploring this place.
 F = Levels seen in this place.
 G = Mean time per level.
                   A        B        C        D        E       F      G
               +--------+--------+--------+--------+--------+-----+--------+
         Total |   4784 |   4426 |    358 |      7 |   3148 |   8 |  598.0 |
       Dungeon |   4769 |   4417 |    352 |      7 |   3148 |   7 |  681.3 |
        Temple |     14 |      9 |      5 |      0 |      0 |   1 |   14.0 |
               +--------+--------+--------+--------+--------+-----+--------+

Top non-repeatable levels by time:
     D:4: 1448 daAuts
     D:6: 1070 daAuts
     D:3: 822 daAuts
     D:1: 636 daAuts
     D:2: 417 daAuts
     D:5: 339 daAuts
     D:7: 35 daAuts
  Temple: 14 daAuts
